 Dungeon Crawl Stone Soup version 0.27-a0-1105-g946c659c87 (webtiles) character file.

Game seed: 10467940391693640110

6710 kae the Cleaver (level 11, -4/100 HPs)
             Began as a Hill Orc Fighter on Apr 29, 2021.
             Was a Believer of Qazlal.
             Slain by an orc warrior
             ... wielding a +0 halberd
              (6 damage)
             ... on level 10 of the Dungeon.
             The game lasted 00:07:37 (12975 turns).

kae the Cleaver (Hill Orc Fighter)                 Turns: 12975, Time: 00:07:38

Health: -4/100     AC: 14    Str: 23    XL:     11   Next: 3%
Magic:  13/13      EV:  7    Int: 14    God:    Qazlal [**....]
Gold:   204        SH: 12    Dex: 12    Spells: 10/10 levels left

rFire    . . .     SeeInvis .   a - +2 war axe (flame)
rCold    . . .     Faith    .   c - +0 kite shield
rNeg     . . .     Spirit   .   b - +1 scale mail
rPois    .         Reflect  .   (no helmet)
rElec    .         Harm     .   (no cloak)
rCorr    .         Rampage  .   (no gloves)
Will     .....                  l - +3 pair of boots of Untold Secrets {Dex+2}
Stlth    ..........             (no amulet)
HPRegen  0.26/turn              f - +6 ring of intelligence
MPRegen  0.13/turn              (no ring)

@: no status effects
A: no striking features
a: Renounce Religion, Upheaval


You were on level 10 of the Dungeon.
You worshipped Qazlal.
Qazlal was pleased with you.
You visited 2 branches of the dungeon, and saw 11 of its levels.

You collected 495 gold pieces.
You spent 291 gold pieces at shops.

Inventory:

Hand Weapons
 a - a +2 war axe of flaming (weapon)
Missiles
 h - 15 curare-tipped darts (quivered)
Armour
 b - a +1 scale mail (worn)
 c - a +0 kite shield (worn)
 l - the +3 pair of boots of Untold Secrets (worn) {Dex+2}
   (You bought it in a shop on level 1 of the Dungeon)

   It affects your dexterity (+2).
Jewellery
 f - a +6 ring of intelligence (left hand)
 u - a ring of fire
 z - a ring of positive energy
Wands
 g - a wand of flame (22)
 n - a wand of paralysis (9)
 t - a wand of acid (14)
 w - a wand of polymorph (9)
 x - a wand of iceblast (10)
Scrolls
 e - 2 scrolls of amnesia
 k - 5 scrolls of teleportation
 s - a scroll of silence
 y - a scroll of summoning
 A - a scroll of identify
 B - a scroll of magic mapping
Potions
 d - 2 potions of might
 i - 3 potions of curing
 j - a potion of resistance
 m - 2 potions of brilliance
 o - 4 potions of degeneration
 p - 2 potions of ambrosia
 q - 2 potions of attraction
 r - 4 potions of haste
 v - a potion of lignification
 C - 2 potions of berserk rage {unknown}


   Skills:
 + Level 10.3 Fighting
 * Level 14.4 Axes
 + Level 9.5 Armour
 - Level 3.2 Shields
 + Level 3.9 Invocations


You had 10 spell levels left.
You didn't know any spells.
Your spell library contained the following spells:

 Spells                   Type           Power      Damage    Failure   Level
 Foxfire                  Conj/Fire      0%         2x1d4     96%         1
 Freeze                   Ice            0%         1d3       96%         1
 Shock                    Conj/Air       0%         1d3       96%         1
 Static Discharge         Conj/Air       0%         N/A       99%         2
 Conjure Flame            Conj/Fire      0%         6-21      100%        3
 Frozen Ramparts          Ice            0%         1d2       100%        3
 Inner Flame              Hex/Fire       0%         N/A       100%        3
 Ozocubu's Armour         Ice            0%         N/A       100%        3
 Swiftness                Air            0%         N/A       100%        3
 Airstrike                Air            0%         N/A       100%        4
 Hailstorm                Conj/Ice       0%         3d3       100%        4
 Sticky Flame             Conj/Fire      0%         2d3       100%        4
 Fireball                 Conj/Fire      0%         3d3       100%        5
 Lightning Bolt           Conj/Air       0%         1d11      100%        5
 Metabolic Englaciation   Hex/Ice        0%         N/A       100%        5


Dungeon Overview and Level Annotations

Branches:
Dungeon (10/15)            Temple (1/1) D:7            Lair (0/6) D:8
    Orc: D:9-12

Altars:
Ashenzari
Cheibriados
Dithmenos
Elyvilon
Fedhas
Gozag
Hepliaklqana
Kikubaaqudgha
Makhleb
Nemelex Xobeh
Okawaru
Qazlal
Ru
Sif Muna
Trog
Uskayaw
Vehumet
Wu Jian
Xom
Yredelemnul
Zin
The Shining One

Shops:
D:1 *   D:3 *   D:7 *


Message History

Found 20 gold pieces.
Items here: )) [[ ††.
You hit the orc warrior but do no damage.
The orc warrior hits you with a +0 halberd.
You hit the orc warrior. You burn the orc warrior.
The orc warrior is moderately wounded.
The orc warrior hits you with a +0 halberd!
* * * LOW HITPOINT WARNING * * *
You closely miss the orc warrior.
The orc warrior is lightly wounded.
The orc warrior hits you but does no damage.
You barely miss the orc warrior.
The orc warrior is lightly wounded.
You block the orc warrior's attack.
You hit the orc warrior but do no damage.
The orc warrior is lightly wounded.
You block the orc warrior's attack.
You barely miss the orc warrior.
The orc warrior is lightly wounded.
The orc warrior hits you with a +0 halberd!
* * * LOW HITPOINT WARNING * * *
You hit the orc warrior but do no damage.
The orc warrior is lightly wounded.
You block the orc warrior's attack.
You hit the orc warrior but do no damage.
The orc warrior is lightly wounded.
The orc warrior hits you with a +0 halberd!
* * * LOW HITPOINT WARNING * * *
You slash the orc warrior! You burn the orc warrior.
The orc warrior is severely wounded.
The orc warrior hits you with a +0 halberd!
* * * LOW HITPOINT WARNING * * *
Okay, then.
You closely miss the orc warrior.
The orc warrior is severely wounded.
You block the orc warrior's attack.
You hit the orc warrior but do no damage.
The orc warrior is severely wounded.
The orc warrior hits you with a +0 halberd.
You die...

#.$....# #......# #.....?'
......#######.....
...!......##.)......
#........##........#
#.o......##........
#..@.....# ..(.... ###
###.§.#### ....
...###...#.# #####.####
.#.....#...# #......>..
#.###...###..# #.........
#..#.....#...#####.........
#...###...#.#.......#+####
#... ##.##.#.#####.#.# #
##...###...#.# #.....#.# #


You could see an orc warrior.

Vanquished Creatures
  A two-headed ogre (D:8)
  Pikel (D:5)
  A deep elf pyromancer (D:9)
  A hornet (D:9)
  A shadow (D:10)
  A wyvern (D:8)
  A steam dragon (D:9)
  Menkaure (D:6)
  2 wargs
  4 water moccasins
  An acid dragon (D:8)
  5 orc warriors
  An ice beast (D:5)
  2 ogres (D:5)
  A centaur (D:5)
  2 bullfrogs
  A kobold brigand (D:6)
  A gnoll sergeant (D:9)
  2 scorpions
  A wyvern skeleton (D:4)
  5 killer bees (D:8)
  5 wights (D:8)
  5 howler monkeys
  A jelly (D:7)
  2 bullfrog zombies
  5 centaur zombies
  5 orc priests
  A bullfrog skeleton (D:5)
  2 gnoll shamans (D:7)
  2 hounds
  2 iguanas
  12 orc wizards
  2 hound skeletons (D:4)
  A howler monkey zombie (D:9)
  22 gnolls
  A howler monkey skeleton (D:6)
  4 adders
  A shadow imp (D:2)
  A white imp (D:8)
  A worm (D:2)
  A dart slug (D:2)
  28 orcs
  5 bats
  8 endoplasms
  5 giant cockroaches
  6 goblins
  10 hobgoblins
  22 jackals
  4 quokkas
  7 ball pythons
  5 frilled lizards
  14 kobolds
  7 rats
233 creatures vanquished.

Vanquished Creatures (others)
  2 plants (D:8)
2 creatures vanquished.

Grand Total: 235 creatures vanquished

Notes
Turn   | Place    | Note
-------+----------+-------------------------------------------
     0 | D:1      | kae the Hill Orc Fighter began the quest for the Orb.
     0 | D:1      | Reached XP level 1. HP: 19/19 MP: 1/1
    76 | D:1      | Reached skill level 3 in Axes
   106 | D:1      | Reached XP level 2. HP: 26/27 MP: 2/2
   886 | D:1      | Reached XP level 3. HP: 29/33 MP: 3/3
  1022 | D:1      | Reached skill level 4 in Axes
  1111 | D:1      | Found Gaihut's Assorted Antiques.
  1117 | D:1      | Bought a green potion for 19 gold pieces
  1117 | D:1      | Bought a puce potion for 19 gold pieces
  1193 | D:1      | Found a faded altar of an unknown god.
  1385 | D:2      | Found a white marble altar of Elyvilon.
  1588 | D:2      | Reached XP level 4. HP: 29/40 MP: 4/4
  1861 | D:2      | Reached skill level 5 in Axes
  1911 | D:2      | Reached XP level 5. HP: 47/47 MP: 5/5
  2295 | D:3      | Found a bloodstained altar of Trog.
  2480 | D:3      | Found Zin's Purification Station.
  2485 | D:3      | Found a glowing silver altar of Zin.
  3229 | D:1      | Bought a scroll labelled HEORYLLOUGG for 22 gold pieces
  3229 | D:1      | Bought a scroll labelled ATHRUI ZIMYISM for 22 gold pieces
  4010 | D:4      | Reached skill level 6 in Axes
  4010 | D:4      | Reached XP level 6. HP: 23/55 MP: 6/6
  4011 | D:4      | Reached skill level 5 in Fighting
  4015 | D:4      | HP: 2/56 [poisoned by a scorpion]
  5032 | D:5      | Entered Level 5 of the Dungeon
  5127 | D:5      | Reached skill level 7 in Axes
  5127 | D:5      | Reached skill level 5 in Armour
  5127 | D:5      | Reached XP level 7. HP: 54/61 MP: 7/7
  5191 | D:5      | Reached skill level 8 in Axes
  5326 | D:5      | Reached XP level 8. HP: 11/70 MP: 8/8
  5867 | D:5      | Noticed Pikel
  5884 | D:5      | Killed Pikel
  5885 | D:5      | Reached skill level 9 in Axes
  6106 | D:6      | Noticed Menkaure
  6116 | D:6      | Killed Menkaure
  6117 | D:6      | Reached skill level 10 in Axes
  6350 | D:6      | Reached XP level 9. HP: 47/79 MP: 9/9
  7314 | D:6      | Reached skill level 11 in Axes
  8217 | D:1      | Bought a pair of slimy boots for 209 gold pieces
  8217 | D:1      | Identified the +3 pair of boots of Untold Secrets {Dex+2}
                  | (You bought it in a shop on level 1 of the Dungeon)
  8474 | D:7      | Found an ancient bone altar of Kikubaaqudgha.
  8474 | D:7      | Found an ornate altar of the Wu Jian Council.
  8508 | D:7      | Found an opulent altar of Gozag.
  8549 | D:7      | Identified the +5 hand crossbow of Wysaso {venom, +Blink
                  | Stlth+}
  8715 | D:7      | Found Ejir's General Store.
  8818 | D:7      | Found a staircase to the Ecumenical Temple.
  8850 | Temple   | Entered the Ecumenical Temple
  9205 | Temple   | Became a worshipper of Qazlal Stormbringer
  9346 | D:8      | Noticed a two-headed ogre
  9875 | D:8      | Reached skill level 12 in Axes
 10222 | D:8      | Killed a two-headed ogre
 10222 | D:8      | Reached * piety under Qazlal
 10223 | D:8      | Reached skill level 13 in Axes
 10223 | D:8      | Reached XP level 10. HP: 10/91 MP: 10/10
 10237 | D:8      | Identified the +1 leather armour of a volcano {rF+}
 10259 | D:8      | HP: 6/136 [poisoned by a killer bee]
 11066 | D:8      | Found a staircase to the Lair.
 11524 | D:9      | Reached skill level 1 in Invocations
 11808 | D:9      | Paralysed by a hornet for 2 turns
 12010 | D:9      | Found a sacrificial altar of Ru.
 12108 | D:9      | Noticed a deep elf pyromancer
 12112 | D:9      | Reached skill level 10 in Fighting
 12128 | D:9      | Killed a deep elf pyromancer
 12129 | D:9      | Reached skill level 14 in Axes
 12475 | D:10     | Entered Level 10 of the Dungeon
 12480 | D:10     | Reached ** piety under Qazlal
 12865 | D:10     | Reached XP level 11. HP: 96/100 MP: 13/13
 12973 | D:10     | HP: 1/100 [orc warrior/+0 halberd (8)]
 12975 | D:10     | Slain by an orc warrior

Illustrated notes

Levels and vault maps discovered:
D:1:      dpeg_cavernosity, layout_loops_ring,
          hellmonk_ecumenical_altar_heavens_door, serial_shops,
          nicolae_shop_crystal
D:2:      layout_basic, basic_altar, minivault_5
D:3:      layout_basic, zin_purify, overflow_temple_1_default
D:4:      layout_loops_cross
D:5:      layout_rooms, chequers_serial_rivers_small_3, uniq_pikel
D:6:      layout_loops_corners, uniq_menkaure
D:7:      layout_loops_cross, chequers_temple_overflow_statue_of_worship,
          grunt_gozag_statues, minmay_temple_entry_trees, serial_shops,
          nicolae_shop_temple_entry_statues_fountains, hangedman_decor_growths,
          chequers_serial_rivers_micro_a, grunt_decor_arrowhead
D:8:      layout_loops_ring, erik_lair_orcish_takeover, glass_columns_c
D:9:      layout_roguey, lemuel_round_altar
D:10:     layout_basic, hiddenorc1_lemuel, minmay_strange_pillars
Temple:   regret_index_temple_sphere_string

Skill      XL: |  1  2  3  4  5  6  7  8  9 10 |
---------------+-------------------------------+-----
Axes           | 3 4 5 6 7 8 10 13 14 | 14.4
Fighting       | 4 5 6 7 9 10 | 10.3
Armour         | 4 5 6 8 9 |  9.5
Invocations    | 3 |  3.9
Shields        | |  3.2

Action                   |  1- 3 |  4- 6 |  7- 9 | 10-12 || total
-------------------------+-------+-------+-------+-------++-------
Melee: War axe           |   112 |   195 |   212 |   175 ||   694
Evoke: Wand              |       |       |     9 |     5 ||    14
  Use: Scroll            |     6 |    13 |     4 |     1 ||    24
       Potion            |       |     2 |     2 |     2 ||     6
 Stab: Paralysed         |       |       |       |     2 ||     2
Armor: Scale mail        |    42 |   111 |    54 |    68 ||   275
       Skin              |       |       |       |    19 ||    19
Dodge: Dodged            |    51 |    69 |    34 |    43 ||   197
Block: Kite shield       |    50 |   113 |   110 |   105 ||   378

Table legend: (Time is in decaauts)
 A = Elapsed time spent in this place.
 B = Non-inter-level travel time spent in this place.
 C = Inter-level travel time spent in this place.
 D = Time resting spent in this place.
 E = Time spent auto-exploring this place.
 F = Levels seen in this place.
 G = Mean time per level.
                   A        B        C        D        E       F      G
               +--------+--------+--------+--------+--------+-----+--------+
         Total |  13197 |  12260 |    937 |    912 |   9620 |  11 | 1199.7 |
       Dungeon |  12828 |  11920 |    908 |    912 |   9283 |  10 | 1282.8 |
        Temple |    368 |    339 |     29 |      0 |    337 |   1 |  368.0 |
               +--------+--------+--------+--------+--------+-----+--------+

Top non-repeatable levels by time:
     D:6: 1743 daAuts
     D:3: 1614 daAuts
     D:1: 1574 daAuts
     D:7: 1573 daAuts
     D:8: 1332 daAuts
     D:5: 1213 daAuts
     D:2: 1180 daAuts
     D:4: 1132 daAuts
     D:9: 962 daAuts
    D:10: 500 daAuts
  Temple: 368 daAuts
